 Dungeon Sprint DCSS version 0.29.0-11-gd7f09526c8 (webtiles) character file.

Game seed: 1087254192098602876

2600000 Zeld the Acrobat (level 17, -99/156 HPs)
             Began as a Djinni Monk on Sept 6, 2022.
             Was a High Priest of Makhleb.
             Annihilated by a destroyer
             ... wielding a +9 vorpal great sword
              (236 damage)
             ... in the Dungeon (Sprint VIII: "Arena of Blood").
             The game lasted 00:00:22 (26 turns).

Zeld the Acrobat (Djinni Monk)                        Turns: 26, Time: 00:00:22

Health: -99/156    AC:  2    Str: 16    XL:     17   Next: 80%
Gold:   0          EV: 28    Int: 14    God:    Makhleb [*****.] SH:  0 Dex: 16

rFire   + + .      SeeInvis .   h - +∞ Axe of Woe
rCold   x . .      Faith    .   (shield currently unavailable)
rNeg    . . .      Spirit   .   a - +0 robe
rPois   ∞          Reflect  .   (no helmet)
rElec   .          Harm     .   (no cloak)
rCorr   .          Rampage  .   (no gloves)
Will    +....      NoTele   +   (boots unavailable)
Stlth   ++++......              (no amulet)
HPRegen 0.36/turn               (no ring)
MPRegen 0.00/turn               (no ring)

@: flying
A: sickness immunity, fire resistance 2, cold vulnerability 1, float, innate
caster, HP casting, extra vitality 1
a: Renounce Religion, Minor Destruction, Lesser Servant of Makhleb, Major
Destruction, Greater Servant of Makhleb


You were in the Dungeon.
You worshipped Makhleb.
Makhleb was extremely pleased with you.
You visited 1 branch

Inventory:

Hand Weapons
 h - the +∞ Axe of Woe (weapon)
   (You found it in the Dungeon)
Armour
 a - a +0 robe (worn)
Scrolls
 g - a scroll of blinking
Potions
 b - a potion of ambrosia
 c - a potion of curing
 d - a potion of heal wounds
 e - a potion of haste
 f - a potion of berserk rage


   Skills:
 + Level 25.1 Fighting
 * Level 20.4 Axes
 + Level 26.1 Dodging
 + Level 8.3 Stealth
 - Level 3.0 Unarmed Combat
 * Level 18.0 Spellcasting
 * Level 22.5 Invocations


You had 22 spell levels left.
You knew the following spells:

 Your Spells              Type           Power      Damage    Failure   Level
a - Sting                 Tmut/Pois      100%       1d8       0%          1
b - Static Discharge      Conj/Air       58%        3-11/arc  0%          2
c - Vampiric Draining     Necr           58%        2d10      0%          3
d - Dazzling Flash        Conj/Hex       100%       N/A       0%          3
e - Cause Fear            Hex            29%        N/A       1%          4
f - Alistair's Intoxicat  Tmut/Pois      38%        N/A       1%          5
g - Simulacrum            Ice/Necr       29%        N/A       1%          6
h - Conjure Ball Lightni  Conj/Air       29%        3x3d8     1%          6
Your spell library was empty.

Dungeon Overview and Level Annotations

Branches:
Dungeon (1/1)

Altars:
Makhleb


Innate Abilities, Weirdness & Mutations

You are immune to sickness and miasma.
You are immune to poison.
Your flesh is very heat resistant. (rF++)
You are vulnerable to cold. (rC-)
You float through the air rather than walking.
You learn spells naturally, not from books.
Your magical power is your life essence.
You have superior vitality. (+4 MHP)


Message History

You hear a shout! x3
The meat berserker rages.
You hear a shout! x2
A large bag of meat comes into view. It is wielding a +9 giant spiked club.
Your Invocations skill increases to level 21!
You have reached level 17!
The power to cast Conjure Ball Lightning wells up from within.
Spell assigned to 'h'.
Unknown command.
The large bag of meat shouts in stereo!
You hit the large bag of meat but do no damage.
You cleave the large bag of meat in twain.
Makhleb accepts your kill.
You feel better.
You hit the meat berserker.
You butcher the meat berserker messily.
You kill the meat berserker!
Makhleb accepts your kill.
You can now summon a greater servant of Makhleb.
The large bag of meat explodes!
The fiery explosion engulfs you! You resist.
The fiery explosion engulfs the destroyer!
You are engulfed in blazing flames.
You resist.
You hear a shout! x2; You hear two shouts!
You hear a shout! x9
The destroyer is engulfed in blazing flames.
The destroyer points at you and mumbles some strange words.
The destroyer blinks!
You hear a shout! x2
Your Fighting skill gained 2 levels and is now at level 25!
Your Axes skill gained 2 levels and is now at level 20!
Your Dodging skill gained 2 levels and is now at level 26!
Your Stealth skill increases to level 8!
Your Spellcasting skill gained 2 levels and is now at level 18!
Your Invocations skill increases to level 22!
A meat berserker comes into view. It is wielding a +9 battleaxe.
Unknown command. 2 meat berserkers and a large bag of meat come into view.
You hear a shout! x7
The destroyer hits you with a +9 vorpal great sword!!!!!
Ouch! That really hurt!
You die...

.. .. #.. O.#
#.. ..# O###..
..###.
......###......
......§§§......
....#O§§§.#....
. #_§§)_# .
#.O@..#
......._V......
......###......
.###.. o.###.
#.. ..# #.. ..#
.. .. .. ..


You could see a destroyer, a large bag of meat (inner flame), 2 meat berserkers
and a bag of meat.

Vanquished Creatures
  7 ogres (D)
  A two-headed ogre (D)
  4 orcs (D)
12 creatures vanquished.

Notes
Turn   | Place    | Note
-------+----------+-------------------------------------------
     0 | D        | Found the +∞ Axe of Woe
     0 | D        | Zeld the Djinni Monk began the quest for the Orb.
     0 | D        | Reached XP level 1. HP: 20/20 MP: 0/0
     4 | D        | Became a worshipper of Makhleb the Destroyer
     4 | D        | Reached * piety under Makhleb
     4 | D        | Reached ** piety under Makhleb
     5 | D        | Noticed a bag of meat
     5 | D        | Noticed a bag of meat
     6 | D        | Noticed a bag of meat
    10 | D        | Killed a bag of meat
    10 | D        | Noticed a bag of meat
    11 | D        | Reached skill level 13 in Dodging
    11 | D        | Reached XP level 2. HP: 17/40 MP: 0/0
    11 | D        | Reached XP level 3. HP: 19/45 MP: 0/0
    11 | D        | Learned a level 1 spell: Sting
    11 | D        | Reached XP level 4. HP: 22/51 MP: 0/0
    11 | D        | Reached XP level 5. HP: 24/57 MP: 0/0
    11 | D        | Learned a level 2 spell: Static Discharge
    11 | D        | Reached XP level 6. HP: 27/63 MP: 0/0
    11 | D        | Reached XP level 7. HP: 29/68 MP: 0/0
    11 | D        | Learned a level 3 spell: Vampiric Draining
    11 | D        | Reached XP level 8. HP: 32/75 MP: 0/0
    11 | D        | Reached XP level 9. HP: 34/80 MP: 0/0
    11 | D        | Learned a level 3 spell: Dazzling Flash
    11 | D        | Reached XP level 10. HP: 37/86 MP: 0/0
    11 | D        | Reached XP level 11. HP: 39/92 MP: 0/0
    11 | D        | Learned a level 4 spell: Cause Fear
    11 | D        | Killed a bag of meat
    11 | D        | Noticed a meat berserker
    12 | D        | Reached skill level 15 in Dodging
    12 | D        | Reached skill level 10 in Spellcasting
    12 | D        | Reached XP level 12. HP: 68/101 MP: 0/0
    12 | D        | Killed a bag of meat
    12 | D        | Killed a meat berserker
    12 | D        | Reached *** piety under Makhleb
    13 | D        | Reached skill level 18 in Dodging
    13 | D        | Reached skill level 5 in Stealth
    13 | D        | Reached skill level 15 in Invocations
    13 | D        | Reached XP level 13. HP: 76/113 MP: 0/0
    13 | D        | Learned a level 5 spell: Alistair's Intoxication
    13 | D        | Reached XP level 14. HP: 82/121 MP: 0/0
    14 | D        | Noticed a meat berserker
    15 | D        | Noticed a meat berserker
    16 | D        | Killed a meat berserker
    16 | D        | Noticed a bag of meat
    16 | D        | Noticed a meat berserker
    17 | D        | Reached skill level 20 in Dodging
    17 | D        | Noticed a meat berserker
    19 | D        | Killed a meat berserker
    19 | D        | Noticed a meat berserker
    20 | D        | Reached skill level 15 in Axes
    20 | D        | Reached skill level 21 in Dodging
    20 | D        | Reached XP level 15. HP: 132/132 MP: 0/0
    20 | D        | Learned a level 6 spell: Simulacrum
    20 | D        | Noticed a meat berserker
    21 | D        | Killed a meat berserker
    21 | D        | Reached **** piety under Makhleb
    22 | D        | Reached skill level 22 in Dodging
    22 | D        | Reached skill level 15 in Spellcasting
    22 | D        | Killed a meat berserker
    22 | D        | Noticed a meat berserker
    22 | D        | Noticed a destroyer
    23 | D        | Reached skill level 23 in Dodging
    23 | D        | Reached XP level 16. HP: 76/143 MP: 0/0
    23 | D        | Killed a meat berserker
    23 | D        | Noticed a meat berserker
    24 | D        | Reached skill level 24 in Dodging
    24 | D        | Noticed a large bag of meat
    24 | D        | Noticed a large bag of meat
    25 | D        | Reached XP level 17. HP: 130/152 MP: 0/0
    25 | D        | Learned a level 6 spell: Conjure Ball Lightning
    25 | D        | Killed a large bag of meat
    25 | D        | Killed a meat berserker
    25 | D        | Reached ***** piety under Makhleb
    26 | D        | Reached skill level 26 in Dodging
    26 | D        | Noticed a meat berserker
    26 | D        | Noticed a meat berserker
    26 | D        | Noticed a meat berserker
    26 | D        | Noticed a large bag of meat
    26 | D        | Annihilated by a destroyer

Illustrated notes

Levels and vault maps discovered:
D:        meatsprint

Skill      XL: |  1  2  3  4  5  6  7  8  9 10 11 12 13 14 15 16 17 |
---------------+----------------------------------------------------+-----
Fighting       | 13 14 18 20 22 23 25 | 25.1
Axes           | 9 11 13 15 17 18 20 | 20.4
Dodging        | 13 15 18 21 23 24 26 | 26.1
Stealth        | 3 4 5 6 7 8 |  8.3
Spellcasting   | 8 10 12 14 15 16 18 | 18.0
Invocations    | 11 12 15 17 19 21 22 | 22.5
Unarmed Combat | |  3.0

Action                   |  1- 3 |  4- 6 |  7- 9 | 10-12 | 13-15 | 16-18 || total
-------------------------+-------+-------+-------+-------+-------+-------++-------
Melee: Executioner's axe |     1 |       |       |     2 |     4 |     3 ||    10
Dodge: Dodged            |       |       |       |       |     2 |       ||     2
